 Dungeon Crawl Stone Soup version 0.19.0-24-gb05acd6 (webtiles) character file.

249 Rrauwl the Chopper (level 6, 0/45 HPs)
             Began as a Hill Orc Skald on Nov 23, 2016.
             Was a Follower of Hepliaklqana.
             Shot with an arrow by a centaur (3 damage)
             ... on level 6 of the Dungeon.
             The game lasted 00:19:52 (3157 turns).

Rrauwl the Chopper (Hill Orc Skald)                 Turns: 3157, Time: 00:19:53

Health: 0/45       AC: 12    Str: 15    XL:     6   Next: 12%
Magic:  8/8        EV:  4    Int: 14    God:    Hepliaklqana [*.....]
Gold:   125        SH:  0    Dex: 10    Spells: 0 memorised, 8 levels left

rFire  . . .     SeeInvis .     a - +1 hand axe
rCold  . . .     Gourm    .     h - +0 plate armour
rNeg   . . .     Faith    .     (no shield)
rPois  .         Spirit   .     (no helmet)
rElec  .         Reflect  .     (no cloak)
rCorr  .         Harm     .     (no gloves)
MR     .....                    m - +0 pair of boots
Stlth  ..........               (no amulet)
                                (no ring)
                                (no ring)

@: no status effects
A: reduced essence
a: Recall Ancestor, Ancestor Identity, Renounce Religion


You were on level 6 of the Dungeon.
You worshipped Hepliaklqana.
Hepliaklqana was aware of your devotion.
You were not hungry.

You visited 1 branch of the dungeon, and saw 5 of its levels.

You collected 125 gold pieces.

Inventory:

Hand Weapons
 a - a +1 hand axe (weapon)
Armour
 h - a +0 plate armour (worn)
 m - a +0 pair of boots (worn)
Jewellery
 g - a +3 ring of strength {unknown}
Scrolls
 e - a scroll of remove curse
 f - 2 scrolls of identify
 i - a scroll of recharging
 k - a scroll of magic mapping
 n - a scroll of amnesia
Books
 c - a book of Battle

   Spells                             Type                      Level
   a - Infusion                       Charms                       1
   b - Shroud of Golubria             Charms/Translocation         2
   c - Song of Slaying                Charms                       2
   d - Spectral Weapon                Hexes/Charms                 3
   e - Regeneration                   Charms/Necromancy            3
Comestibles
 b - 2 meat rations
 d - 2 bread rations
 l - 3 slices of pizza
 o - 6 chunks of flesh


   Skills:
 + Level 3.4 Fighting
 + Level 6.6 Axes
 + Level 2.3 Armour
 + Level 1.7 Dodging
 - Level 1.5 Spellcasting
   Level 2.6 Charms


You had 8 spell levels left.
You didn't know any spells.

Dungeon Overview and Level Annotations

Branches:
Dungeon (4/15)
 Temple: D:4-7

Altars:
Fedhas
Hepliaklqana
Xom
Zin
The Shining One


Message History

The howler monkey hoots and howls with incredible vigour!
Found 6 needles of paralysis.
The howler monkey hoots and howls with incredible vigour!
You hear an angry hiss.
You feel a little less clever now.
Found a scroll labeled ROUVUDUMIS.
The howler monkey hoots and howls with incredible vigour!
The jelly jiggles.
The centaur shoots an arrow.
The arrow hits you.
* * * LOW HITPOINT WARNING * * *
The arrow burns you.
* * * LOW HITPOINT WARNING * * *
You see here an arrow.
The centaur shoots an arrow.
The arrow hits you but does no damage.
You see here an arrow.
The howler monkey hoots and howls with incredible vigour!
The centaur shoots an arrow.
The arrow hits you.
* * * LOW HITPOINT WARNING * * *
The arrow burns you.
You die...

#########
#.......#
#.....(.#########
#............?...
##....J...........
#.....c...........
+@...o.l..........
#..(h(............
#......##.........
#......##....$....
#......##.........
#......##.........
#...?..#######....
######## #....


You could see a centaur, a howler monkey, a jelly, an orc and a leopard gecko.

Vanquished Creatures
  4 adders
  3 oozes
  A worm (D:2)
  2 dart slugs
  3 orcs (D:3)
  A ball python (D:3)
  4 giant cockroaches
  6 goblins
  5 hobgoblins
  10 jackals
  9 bats
  7 frilled lizards
  8 kobolds
  3 rats
66 creatures vanquished.

Vanquished Creatures (collateral kills)
  An ogre (D:3)
  3 adders
  A dart slug (D:3)
  2 bats (D:3)
  2 goblins (D:3)
  3 hobgoblins
  A kobold (D:3)
  3 rats
16 creatures vanquished.

Grand Total: 82 creatures vanquished

Notes
Turn   | Place    | Note
-------+----------+-------------------------------------------
     0 | D:1      | Rrauwl the Hill Orc Skald began the quest for the Orb.
     0 | D:1      | Reached XP level 1. HP: 18/18 MP: 3/3
    41 | D:1      | Reached skill level 3 in Axes
   117 | D:1      | Reached XP level 2. HP: 25/25 MP: 4/4
   249 | D:1      | Reached skill level 4 in Axes
   646 | D:1      | Reached XP level 3. HP: 29/30 MP: 3/5
   921 | D:2      | Reached skill level 5 in Axes
  1055 | D:2      | Reached XP level 4. HP: 20/37 MP: 6/6
  1062 | D:2      | Found a shimmering altar of Xom.
  1440 | D:2      | Found a hazy altar of Hepliaklqana.
  1448 | D:2      | Became a worshipper of Hepliaklqana the Forgotten
  1493 | D:2      | Reached skill level 6 in Axes
  1525 | D:2      | Reached skill level 1 in Dodging
  1841 | D:2      | Found a blossoming altar of Fedhas.
  1915 | D:2      | Found a glowing golden altar of the Shining One.
  1915 | D:2      | Found a faded altar of an unknown god.
  1920 | D:2      | Found a faded altar of an unknown god.
  1925 | D:2      | Found a glowing silver altar of Zin.
  1927 | D:2      | Found a faded altar of an unknown god.
  2019 | D:3      | Reached XP level 5. HP: 36/37 MP: 7/7
  2175 | D:3      | Reached * piety under Hepliaklqana
  2407 | D:3      | Noticed an ogre
  2417 | D:3      | Killed an ogre
  2794 | D:3      | Reached XP level 6. HP: 37/45 MP: 8/8
  3012 | D:4      | You fall through a shaft for 2 floors!
  3157 | D:6      | Shot with an arrow by a centaur

Skill      XL: |  1  2  3  4  5 |
---------------+----------------+-----
Axes           | 3 4 5 6 |  6.6
Dodging        | 1 |  1.7
Fighting       | 3 |  3.4
Armour         | 2 |  2.3
Spellcasting   | |  1.5
Charms         | |  2.6

Action                   |  1- 3 |  4- 6 || total
-------------------------+-------+-------++-------
Melee: Hand axe          |   168 |   143 ||   311
 Cast: Infusion          |     5 |       ||     5
  Use: Scroll            |     7 |     3 ||    10
       Potion            |     2 |     1 ||     3
 Stab: Distracted        |       |     1 ||     1
  Eat: Chunk             |     1 |     7 ||     8
Armor: Leather armour    |    28 |       ||    28
       Plate armour      |   101 |   123 ||   224
Dodge: Dodged            |    66 |    33 ||    99
